 Dungeon Crawl Stone Soup version 0.27.0-1-g7a089689b8 (webtiles) character file.

Game seed: 12498434697929957950

56 Acheron the Chopper (level 3, -1/33 HPs)
             Began as a Minotaur Berserker on Aug 1, 2021.
             Was a Believer of Trog.
             Slain by Blork the orc (9 damage)
             ... on level 4 of the Dungeon.
             The game lasted 00:03:52 (1456 turns).

Acheron the Chopper (Minotaur Berserker)            Turns: 1456, Time: 00:04:00

Health: -1/33      AC:  6    Str: 21    XL:     3   Next: 69%
Magic:  2/2        EV: 11    Int:  5    God:    Trog [**....]
Gold:   64         SH:  0    Dex:  9    Spells: 2/2 levels left

rFire    . . .     SeeInvis .   h - +3 quarterstaff (spect)
rCold    . . .     Faith    .   (shield currently unavailable)
rNeg     . . .     Spirit   .   c - +0 ring mail
rPois    .         Reflect  .   (helmet restricted)
rElec    .         Harm     .   (no cloak)
rCorr    .         Rampage  .   i - +0 pair of gloves
Will     .....                  (no boots)
Stlth    +.........             (no amulet)
HPRegen  0.11/turn              (no ring)
MPRegen  0.08/turn              (no ring)

@: no status effects
A: horns 2, retaliatory headbutt
a: Renounce Religion, Berserk, Trog's Hand


You were on level 4 of the Dungeon.
You worshipped Trog.
Trog was pleased with you.
You visited 1 branch of the dungeon, and saw 4 of its levels.

You collected 64 gold pieces.

Inventory:

Hand Weapons
 a - a +0 hand axe
 h - a +3 spectral quarterstaff (weapon)
Armour
 c - a +0 ring mail (worn)
 i - a +0 pair of gloves (worn)
Scrolls
 d - a scroll of blinking {unknown}
 f - a scroll of brand weapon {unknown}
 g - a scroll of identify {unknown}
 j - a scroll of summoning {unknown}
Potions
 b - a potion of berserk rage {unknown}
 e - a potion of invisibility {unknown}


   Skills:
 + Level 4.1 Fighting
 + Level 4.1 Axes
 * Level 1.3 Staves
 * Level 2.8 Armour
 * Level 2.8 Dodging
 * Level 0.7 Stealth


You had 2 spell levels left.
You didn't know any spells.
Your spell library was empty.

Dungeon Overview and Level Annotations

Branches:
Dungeon (4/15)
 Temple: D:4-7

Altars:

Annotations:
D:4 Blork the orc


Innate Abilities, Weirdness & Mutations

You have a pair of horns on your head.
You reflexively headbutt those who attack you in melee.


Message History

You now have 64 gold pieces (gained 4).
Things that are here:
a +0 dagger; a goblin corpse
Found a stone staircase leading down.
A kobold comes into view. It is wielding a +0 short sword.
The kobold shouts!
There is a stone staircase leading down here.
You climb downwards.
An orc comes into view. It is wielding a +0 club.
The orc shouts!
There is a stone staircase leading up here.
You hit the orc but do no damage.
Your spectral +3 spectral quarterstaff hits the orc!
You kill the orc!
Trog accepts your kill.
Things that are here:
a +0 club; a +0 chain mail; an orc corpse Blork the orc comes into view.
He is wielding a +1 scimitar of electrocution.
Blork the orc shouts!
Blork the orc screams, "I'll crush all your ribs!
One by one!"
Blork the orc casts a spell at you. The puff of flame hits you.
Blork the orc looks encouraged for a moment.
Blork the orc closely misses you.
You hit Blork the orc. Your headbutt misses Blork the orc.
Blork the orc is lightly wounded.
Your spectral +3 spectral quarterstaff hits Blork the orc.
Blork the orc hits you with a +1 scimitar of electrocution.
You are electrocuted!
You closely miss Blork the orc. Your headbutt misses Blork the orc.
Blork the orc is lightly wounded.
Your spectral +3 spectral quarterstaff closely misses Blork the orc.
Blork the orc hits you with a +1 scimitar of electrocution.
You barely miss Blork the orc.
Blork the orc is lightly wounded.
Your spectral +3 spectral quarterstaff hits Blork the orc!
Blork the orc hits you with a +1 scimitar of electrocution!
* * * LOW HITPOINT WARNING * * *
You are electrocuted!
You die...

#....##
#.....#
##)...##
#.....#
##....##
#.....#
#.....#
##....#
#@.###
#.(o##
......#
........#
.....#..#
.....#..#
.... ..##
.... ..


You could see Blork the orc and a friendly spectral +3 spectral quarterstaff
(summoned).

Vanquished Creatures
  An adder (D:3)
  2 dart slugs (D:1)
  An orc (D:4)
  2 endoplasms (D:1)
  2 giant cockroaches (D:1)
  2 hobgoblins
  3 jackals (D:1)
  2 kobolds
  2 quokkas
  5 ball pythons
  6 bats (D:1)
  2 frilled lizards (D:1)
  7 goblins
  A rat (D:1)
38 creatures vanquished.

Notes
Turn   | Place    | Note
-------+----------+-------------------------------------------
     0 | D:1      | Acheron the Minotaur Berserker began the quest for the Orb.
     0 | D:1      | Reached XP level 1. HP: 19/19 MP: 0/0
   334 | D:1      | Reached XP level 2. HP: 20/27 MP: 1/1
   683 | D:1      | Reached ** piety under Trog
   847 | D:1      | Reached XP level 3. HP: 33/33 MP: 2/2
  1248 | D:2      | Found a faded altar of an unknown god.
  1289 | D:3      | Reached skill level 1 in Staves
  1446 | D:4      | Noticed Blork the orc
  1456 | D:4      | Slain by Blork the orc

Illustrated notes

Levels and vault maps discovered:
D:1:      wander_arrival_desolate, layout_basic, hangedman_feature_mirror,
          minmay_misc_feat_diagonals
D:2:      layout_loops_ring, basic_altar, chequers_ecumenical_altar_simple
D:3:      kennysheep_the_goblin_king, layout_basic, minmay_fractal_squares_5,
          uniq_grinder
D:4:      layout_cave_pods, minivault_19, chequers_serial_rivers_micro_c,
          uniq_blork_the_orc

Skill      XL: |  1  2  3 |
---------------+----------+-----
Axes           | 4 |  4.1
Fighting       | 4 |  4.1
Staves         | 1 |  1.3
Armour         | |  2.8
Dodging        | |  2.8
Stealth        | |  0.7

Action                   || total
-------------------------++-------
Melee: Hand axe          ||    16
       Headbutt          ||     3
       Quarterstaff      ||    39
Armor: Animal skin       ||    11
       Ring mail         ||    12
Dodge: Dodged            ||    36
